 Dungeon Crawl Stone Soup version 0.24-a0-653-g3936067ed8 (webtiles) character file.

Game seed: 15265751010503812486, levelgen mode: deterministic

33 Mame the Shooter (level 3, -3/26 HPs)
             Began as a Human Wanderer on Sept 26, 2019.
             Slain by a centaur skeleton (6 damage)
             ... on level 2 of the Dungeon on Sept 27, 2019.
             The game lasted 00:06:45 (682 turns).

Mame the Shooter (Human Wanderer)                    Turns: 682, Time: 00:06:46

Health: -3/26      AC:  2    Str: 11    XL:     3   Next: 47%
Magic:  6/6        EV: 11    Int: 16    God:
Gold:   62         SH:  0    Dex: 10    Spells: 5/6 levels left

rFire    . . .     SeeInvis .   i - +0 short sword
rCold    . . .     Gourm    .   (no shield)
rNeg     . . .     Faith    .   e - +0 robe
rPois    .         Spirit   .   (no helmet)
rElec    .         Reflect  .   (no cloak)
rCorr    .         Harm     .   (no gloves)
MR       .....                  (no boots)
Stlth    +.........             (no amulet)
HPRegen  0.08/turn              (no ring)
MPRegen  0.10/turn              (no ring)

@: no status effects
A: no striking features
a: no special abilities


You were on level 2 of the Dungeon.
You were not hungry.

You visited 1 branch of the dungeon, and saw 2 of its levels.

You collected 62 gold pieces.

Inventory:

Hand Weapons
 a - a +0 shortbow
 g - a +1 hand axe of freezing
 i - a +0 short sword (weapon)
Missiles
 c - 17 arrows
Armour
 e - a +0 robe (worn)
Scrolls
 b - a scroll of amnesia {unknown}
 h - a scroll of blinking {unknown}
 j - a scroll of enchant armour {unknown}
 k - a scroll of identify {unknown}
Potions
 d - 2 potions of lignification
 l - a potion of might {unknown}
 m - a potion of degeneration {unknown}
 o - a potion of ambrosia {unknown}
Comestibles
 f - 5 rations
 n - 3 chunks of flesh


   Skills:
 - Level 1.0 Fighting
 + Level 2.9 Bows
 - Level 1.0 Throwing
 - Level 1.0 Stealth
 - Level 2.0 Spellcasting
 + Level 2.9 Hexes
   Level 1.0 Transmutations


You had 5 spell levels left.
You knew the following spells:

 Your Spells              Type           Power        Failure   Level  Hunger
a - Corona                Hex            ##.....      6%          1    #......

Your spell library contained the following spells:

 Spells                   Type           Power        Failure   Level  Hunger
 Ensorcelled Hibernation  Hex/Ice        #.....       17%         2    ###....
 Confuse                  Hex            ##......     19%         3    ###....
 Tukima's Dance           Hex            ##......     19%         3    ###....
 Dazzling Spray           Conj/Hex       #.....       34%         3    ###....


Dungeon Overview and Level Annotations

Branches:
Dungeon (2/15)

Altars:


Message History

You hit the centaur skeleton.
The centaur skeleton is moderately damaged.
The centaur skeleton hits you. The hobgoblin barely misses you.
The centaur skeleton hits you.
* * * LOW HITPOINT WARNING * * *
You hit the centaur skeleton.
The centaur skeleton is moderately damaged.
The hobgoblin hits you with a +0 club.
* * * LOW HITPOINT WARNING * * *
The centaur skeleton hits you.
* * * LOW HITPOINT WARNING * * *
You hit the centaur skeleton.
The centaur skeleton is moderately damaged.
The centaur skeleton barely misses you. The hobgoblin completely misses you.
The centaur skeleton hits you but does no damage.
You hit the hobgoblin but do no damage. The hobgoblin misses you.
The centaur skeleton hits you.
* * * LOW HITPOINT WARNING * * *
You hit the hobgoblin but do no damage. The centaur skeleton hits you.
You die...

#...(....(.##..
..............##
#............>
#............#####
.###..........#...<.##
..............#...÷..#
..<##)(......##......###
....(.gZ.†...##........#
##...@................
#..........#...))....
#...†......#.........
#..(.................
...[..........#.........
...##.............###...
............####... ...
....######..# ####. ...
.... ##.# ##.


You could see a hobgoblin and a centaur skeleton.

Vanquished Creatures
  An adder (D:2)
  An ooze (D:2)
  A dart slug (D:1)
  2 giant cockroaches (D:1)
  3 goblins (D:1)
  2 hobgoblins
  2 jackals (D:2)
  3 kobolds (D:1)
  A bat (D:1)
  2 frilled lizards (D:1)
18 creatures vanquished.

Notes
Turn   | Place    | Note
-------+----------+-------------------------------------------
     0 | D:1      | Mame the Human Wanderer began the quest for the Orb.
     0 | D:1      | Mame set off with the following items: a +0 shortbow, 28
                  | arrows, a potion of lignification, a +0 robe, a ration; and
                  | the following spell memorised: Corona; and the following
                  | spells available to memorise: Ensorcelled Hibernation,
                  | Confuse, Tukima's Dance, Dazzling Spray
     0 | D:1      | Reached XP level 1. HP: 15/15 MP: 3/3
   152 | D:1      | Reached XP level 2. HP: 16/21 MP: 5/5
   608 | D:2      | Reached XP level 3. HP: 26/26 MP: 6/6
   682 | D:2      | Slain by a centaur skeleton

Levels and vault maps discovered:
D:1:      nzn_arrival_depleted_hourglass, layout_basic
D:2:      layout_rooms, uniq_jessica

Action                   || total
-------------------------++-------
Melee: Short sword       ||     7
 Fire: Shortbow          ||    57
 Cast: Corona            ||     1
Armor: Robe              ||     5
Dodge: Dodged            ||    15

Table legend:
 A = Non-vault XP
 B = Vault XP
 C = Vault XP percentage of total XP
 D = Non-vault monster count
 E = Vault monster count
 F = Vault count percentage of total count
                 A         B        C        D         E       F
            +---------+---------+-------+---------+---------+-------
      Total |      48 |       0 |   0.0 |      18 |       0 |   0.0
            +---------+---------+-------+---------+---------+-------
        D:1 |      22 |       0 |   0.0 |      13 |       0 |   0.0
        D:2 |      26 |       0 |   0.0 |       5 |       0 |   0.0
            +---------+---------+-------+---------+---------+-------
